 Dungeon Crawl Stone Soup version 0.29-a0-352-g0917bc69df (webtiles) character file.

Game seed: 12699470761374736971

14 Enlil the Sneak (level 2, -2/19 HPs)
             Began as a Vampire Enchanter on Apr 24, 2022.
             Slain by Terence
             ... wielding a +0 mace
              (7 damage)
             ... on level 2 of the Dungeon.
             The game lasted 00:03:53 (469 turns).

Enlil the Sneak (Vampire Enchanter)                  Turns: 469, Time: 00:03:54

Health: -2/19      AC:  3    Str:  7    XL:     2   Next: 27%
Magic:  5/5        EV: 12    Int: 17    God:
Gold:   15         SH:  0    Dex: 14    Spells: 5/5 levels left

rFire   . . .      SeeInvis +   a - +1 dagger
rCold   . . .      Faith    .   (no shield)
rNeg    . . .      Spirit   .   b - +0 robe
rPois   .          Reflect  .   f - +0 helmet
rElec   .          Harm     .   (no cloak)
rCorr   .          Rampage  .   (no gloves)
Will    .....                   (no boots)
Stlth   +++.......              (no amulet)
HPRegen 0.26/turn               (no ring)
MPRegen 0.09/turn               (no ring)

@: healing quickly
A: alive, fangs 3, see invisible, vampiric 1
a: Exsanguinate


You were on level 2 of the Dungeon.
You visited 1 branch of the dungeon, and saw 2 of its levels.

You collected 15 gold pieces.

Inventory:

Hand Weapons
 a - a +1 dagger (weapon)
Armour
 b - a +0 robe (worn)
 f - a +0 helmet (worn)
Potions
 c - 4 potions of invisibility
 d - a potion of cancellation {unknown}
 e - a potion of lignification {unknown}


   Skills:
 + Level 1.4 Short Blades
 + Level 2.4 Dodging
 + Level 4.7 Stealth
 + Level 2.1 Spellcasting
 + Level 4.6 Hexes


You had 5 spell levels left.
You didn't know any spells.
Your spell library contained the following spells:

 Spells                   Type           Power      Damage    Failure   Level
 Confusing Touch          Hex            17%        N/A       9%          3
 Tukima's Dance           Hex            17%        N/A       9%          3
 Ensorcelled Hibernation  Hex/Ice        18%        N/A       11%         2
 Dazzling Flash           Conj/Hex       18%        N/A       22%         3


Dungeon Overview and Level Annotations

Branches:
Dungeon (1/15)

Altars:

Shops:
D:1 *

Annotations:
D:2 Terence


Innate Abilities, Weirdness & Mutations

Your natural rate of healing is accelerated.
You have razor-sharp teeth.
You have supernaturally acute eyesight. (SInv)
You are afflicted with vampirism.


Message History

You see here a hobgoblin corpse.
You start resting.
HP restored.
You now have 15 gold pieces (gained 3).
A ball python comes into view.
A sourceless malevolence fills the Dungeon...
You fall into a shaft and drop 1 floor!
The shaft crumbles and collapses.
Found a rapier and a mace.
Terence the Incautious comes into view.
He is wielding a +0 mace.
You see here a +0 rapier.
Terence shouts!
You hit the plant.
The plant begins to die.
The plant is lightly damaged.
You hit the plant.
The plant is lightly damaged.
An endoplasm comes into view.
You closely miss Terence. You bite Terence, but do no damage.
A nearby plant withers and dies.
Terence hits you with a +0 mace!
The endoplasm quivers.
You hit Terence but do no damage. You closely miss Terence.
Terence looks scornfully at you. Terence hits you with a +0 mace.
Terence attacks as you move away! Terence misses you.
Terence attacks as you move away! Terence closely misses you.
The endoplasm hits the plant.
The plant begins to die.
You hit Terence but do no damage. Terence hits you with a +0 mace.
The endoplasm hits the plant.
The plant begins to die.
The endoplasm hits the plant.
The plant begins to die.
Terence barely misses you.
The endoplasm splashes around in the water.
Terence attacks as you move away! Terence closely misses you.
A nearby plant withers and dies.
You open the door. Terence hits you but does no damage.
There is an open door here.
Terence attacks as you move away! Terence hits you with a +0 mace.
* * * LOW HITPOINT WARNING * * *
Terence hits you with a +0 mace!
You die...

#. ###.##########
..............
#..........###
#..........@.#
#..........#@#
#..........#.#
##≈P≈......##.#
#P.≈P).....##.#
#≈≈≈≈..J...##.#
J...≈♣≈......##.#
.##.≈P≈......##.#
#.≈♣≈P......##.#
.≈P≈≈PP......#


You could see Terence.

Vanquished Creatures
  A dart slug (D:1)
  An endoplasm (D:1)
  A giant cockroach (D:1)
  3 goblins (D:1)
  A hobgoblin (D:1)
  A quokka (D:1)
  A ball python (D:1)
  A rat (D:1)
10 creatures vanquished.

Vanquished Creatures (others)
  4 plants (D:2)
4 creatures vanquished.

Grand Total: 14 creatures vanquished

Notes
Turn   | Place    | Note
-------+----------+-------------------------------------------
     0 | D:1      | Enlil the Vampire Enchanter began the quest for the Orb.
     0 | D:1      | Reached XP level 1. HP: 13/13 MP: 3/3
   102 | D:1      | Found Okohen's General Store.
   235 | D:1      | Found a faded altar of an unknown god.
   241 | D:1      | Reached XP level 2. HP: 18/19 MP: 5/5
   444 | D:1      | You fall into a shaft and drop 1 floor!
   446 | D:2      | Noticed Terence
   469 | D:2      | Slain by Terence

Illustrated notes

Levels and vault maps discovered:
D:1:      dpeg_arrival_leaves_temple_mockup, layout_basic, serial_shops,
          shop_fountains, hellmonk_ecumenical_altar_run_dry, minivault_25
D:2:      layout_basic, serial_bayou, serial_bayou_shore_a,
          serial_bayou_lagoon_a, serial_bayou_pond_d, serial_bayou_pond_b,
          basic_altar, serial_shops, nicolae_lakefront_shop,
          nicolae_shop_overgrown_old_shop, nicolae_shop_crystal, shop,
          nicolae_shop_statue_plus, uniq_terence

Action                   || total
-------------------------++-------
Melee: Dagger            ||    40
       Punch             ||     1
       Bite              ||     4
  Use: Scroll            ||     1
 Stab: Sleeping          ||     3
Armor: Robe              ||     8
Dodge: Dodged            ||    21

Table legend: (Time is in decaauts)
 A = Elapsed time spent in this place.
 B = Non-inter-level travel time spent in this place.
 C = Inter-level travel time spent in this place.
 D = Time resting spent in this place.
 E = Time spent auto-exploring this place.
 F = Levels seen in this place.
 G = Mean time per level.
                   A        B        C        D        E       F      G
               +--------+--------+--------+--------+--------+-----+--------+
         Total |    466 |    466 |      0 |     55 |    243 |   2 |  233.0 |
       Dungeon |    466 |    466 |      0 |     55 |    243 |   2 |  233.0 |
               +--------+--------+--------+--------+--------+-----+--------+

Top non-repeatable levels by time:
     D:1: 442 daAuts
     D:2: 24 daAuts
